 Dungeon Crawl Stone Soup version 0.24-a0-235-g3f03afc (webtiles) character file.

Game seed: 10444199051097095641

156 Gorice the Fighter (level 5, -2/54 HPs)
             Began as a Gnoll Wanderer on Apr 6, 2019.
             Slain by a goblin
             ... wielding a +1 dagger of electrocution
             ... led by Robin
              (19 damage)
             ... on level 3 of the Dungeon.
             The game lasted 00:08:34 (2430 turns).

Gorice the Fighter (Gnoll Wanderer)                 Turns: 2430, Time: 00:08:35

Health: -2/54      AC:  9    Str: 16    XL:     5   Next: 37%
Magic:  7/7        EV:  8    Int: 16    God:
Gold:   163        SH:  5    Dex: 12    Spells: 6/6 levels left

rFire    . . .     SeeInvis .   a - +1 spear
rCold    . . .     Gourm    .   c - +0 buckler
rNeg     . . .     Faith    .   p - +0 chain mail
rPois    .         Spirit   .   n - +0 helmet
rElec    .         Reflect  .   (no cloak)
rCorr    .         Harm     .   (no gloves)
MR       .....                  (no boots)
Stlth    ..........             (no amulet)
HPRegen  0.18/turn              m - +1 ring of evasion
MPRegen  0.10/turn              (no ring)

@: no status effects
A: distributed training, fangs 1, strong nose
a: no special abilities


You were on level 3 of the Dungeon.
You were not hungry.

You visited 1 branch of the dungeon, and saw 4 of its levels.

You collected 163 gold pieces.

Inventory:

Hand Weapons
 a - a +1 spear (weapon)
 d - a +0 dagger
 q - a +0 flail
Missiles
 e - 17 sling bullets
 j - 29 bolts
 Y - 116 stones (quivered)
Armour
 b - a +2 leather armour
 c - a +0 buckler (worn)
 n - a +0 helmet (worn)
 p - a +0 chain mail (worn)
Jewellery
 m - a +1 ring of evasion (left hand)
Scrolls
 k - 4 scrolls of remove curse
 l - a scroll of teleportation {!r}
 r - 3 scrolls of fear {!r}
Potions
 h - 2 potions of magic {!q}
 i - a potion of curing {unknown}
 o - 2 potions of flight
 u - 2 potions of heal wounds {!q}
Comestibles
 f - 5 rations
 g - 8 chunks of flesh


   Skills:
 + Level 10.4 Fighting
 + Level 1.4 Short Blades
 + Level 1.4 Long Blades
 + Level 1.4 Axes
 + Level 1.4 Maces & Flails
 + Level 1.4 Polearms
 + Level 1.4 Staves
 + Level 1.4 Slings
 + Level 1.4 Bows
 + Level 1.4 Crossbows
 + Level 1.4 Throwing
 + Level 1.4 Armour
 + Level 2.9 Dodging
 + Level 4.4 Stealth
 + Level 4.7 Shields
 + Level 1.4 Unarmed Combat
 + Level 1.4 Spellcasting
 + Level 1.1 Conjurations
 + Level 1.1 Hexes
 + Level 1.1 Charms
 + Level 1.1 Summonings
 + Level 1.1 Necromancy
 + Level 1.1 Translocations
 + Level 1.1 Transmutations
 + Level 1.1 Fire Magic
 + Level 1.1 Ice Magic
 + Level 1.1 Air Magic
 + Level 1.1 Earth Magic
 + Level 1.1 Poison Magic
 + Level 1.6 Invocations
 + Level 1.4 Evocations


You had 6 spell levels left.
You didn't know any spells.
Your spell library was empty.

Dungeon Overview and Level Annotations

Branches:
Dungeon (4/15)
 Temple: D:4-7

Altars:
Dithmenos

Annotations:
D:4 Robin


Innate Abilities, Weirdness & Mutations

Your experience applies equally to all skills.
You have very sharp teeth.
Your uncanny sense of smell can sniff out nearby items.


Message History

You climb downwards.
Level annotation: Robin An orc comes into view.
The orc shouts!
You hear a bark!
You hear a shout! x2
The adder barely misses you. You block the goblin's attack.
The hobgoblin completely misses you. The goblin hits you.
The hobgoblin hits you but does no damage.
The goblin hits you but does no damage.
Robin roars a battlecry!
The goblins go into a battle-frenzy!
The adder bites you but does no damage.
A hound comes into view.
There is a stone staircase leading up here.
Damage: 1 (max 1) Unknown command.
You block the orc's attack. The goblin hits you but does no damage.
The adder bites you but does no damage.
The goblin hits you with a +1 dagger of electrocution.
You block the hobgoblin's attack. You block the goblin's attack.
The hobgoblin hits you but does no damage.
You climb upwards.
There is a stone staircase leading down, spattered with blood here.
You closely miss the adder. You block the adder's attack.
You block the hobgoblin's attack. The goblin hits you but does no damage.
You are electrocuted!
The hobgoblin barely misses you. The adder barely misses you.
Damage: 15 (max 15) Unknown command.
You closely miss the adder. The goblin hits you but does no damage.
The hobgoblin barely misses you. The adder bites you but does no damage.
The hobgoblin barely misses you.
You hit the adder.
The adder is lightly wounded.
The hobgoblin hits you but does no damage.
The goblin hits you but does no damage.
You are electrocuted!
The adder completely misses you. The hobgoblin hits you with a +0 club.
Damage: 16 (max 16) Unknown command.
You hit the adder.
The adder is moderately wounded.
The adder bites you. The hobgoblin closely misses you.
The goblin hits you but does no damage. The hobgoblin closely misses you.
The adder bites you but does no damage.
Damage: 2 (max 16)
You miss the adder.
The adder is moderately wounded.
The goblin hits you with a +1 dagger of electrocution.
* * * LOW HITPOINT WARNING * * *
You are electrocuted!!
You die...

###### #....# #####
####.# #...#
#######.######...#
####@go......)..'....
#.ggSg...#.######....
#...g....#.### #....
#........#...####....
#........#.#.##.#....
#........#.#.##.####.
#........###....####.
#........'.........'.
#........###......##.


You could see an adder, an orc, 2 hobgoblins and 3 goblins.

Vanquished Creatures
  An orc wizard (D:2)
  3 adders
  An ooze (D:3)
  3 worms
  A dart slug (D:1)
  2 leopard geckos
  3 orcs
  3 ball pythons
  3 giant cockroaches
  10 goblins
  4 hobgoblins
  12 jackals
  6 kobolds
  3 quokkas
  10 bats
  A frilled lizard (D:2)
  8 rats
74 creatures vanquished.

Notes
Turn   | Place    | Note
-------+----------+-------------------------------------------
     0 | D:1      | Reached skill level 10 in Fighting
     0 | D:1      | Gorice the Gnoll Wanderer began the quest for the Orb.
     0 | D:1      | Gorice set off with the following items: a +0 spear, a +2
                  | leather armour, a +0 buckler, a +0 dagger, a ration
     0 | D:1      | Reached XP level 1. HP: 28/28 MP: 1/1
   354 | D:1      | Reached XP level 2. HP: 36/36 MP: 2/2
   904 | D:2      | Reached XP level 3. HP: 42/42 MP: 3/3
   982 | D:2      | Reached skill level 1 in Invocations
  1190 | D:2      | HP: 7/42 [orc wizard/magic dart (8)]
  1205 | D:2      | Reached skill level 1 in Short Blades
  1205 | D:2      | Reached skill level 1 in Long Blades
  1205 | D:2      | Reached skill level 1 in Axes
  1205 | D:2      | Reached skill level 1 in Maces & Flails
  1205 | D:2      | Reached skill level 1 in Polearms
  1205 | D:2      | Reached skill level 1 in Staves
  1205 | D:2      | Reached skill level 1 in Slings
  1205 | D:2      | Reached skill level 1 in Bows
  1205 | D:2      | Reached skill level 1 in Crossbows
  1205 | D:2      | Reached skill level 1 in Throwing
  1205 | D:2      | Reached skill level 1 in Armour
  1205 | D:2      | Reached skill level 1 in Unarmed Combat
  1205 | D:2      | Reached skill level 1 in Spellcasting
  1205 | D:2      | Reached skill level 1 in Evocations
  1205 | D:2      | Reached XP level 4. HP: 15/48 MP: 5/5
  1713 | D:2      | Reached skill level 1 in Conjurations
  1713 | D:2      | Reached skill level 1 in Hexes
  1713 | D:2      | Reached skill level 1 in Charms
  1713 | D:2      | Reached skill level 1 in Summonings
  1713 | D:2      | Reached skill level 1 in Necromancy
  1713 | D:2      | Reached skill level 1 in Translocations
  1713 | D:2      | Reached skill level 1 in Transmutations
  1713 | D:2      | Reached skill level 1 in Fire Magic
  1713 | D:2      | Reached skill level 1 in Ice Magic
  1713 | D:2      | Reached skill level 1 in Air Magic
  1713 | D:2      | Reached skill level 1 in Earth Magic
  1713 | D:2      | Reached skill level 1 in Poison Magic
  1851 | D:3      | Found a shadowy altar of Dithmenos.
  1961 | D:3      | Reached XP level 5. HP: 54/54 MP: 6/6
  2396 | D:4      | Noticed Robin
  2430 | D:3      | Slain by a goblin

Levels and vault maps discovered:
D:1:      psy_arrival_conway, layout_loops_ring, chequers_serial_rivers_room_a
D:2:      layout_basic
D:3:      layout_basic, nicolae_dithmenos_shadow_blocks
D:4:      layout_gridville, zin_scriptorium, lemuel_coloured_pillars_altar,
          minmay_temple_entry_poolview, uniq_robin

Skill      XL: |  1  2  3  4 |
---------------+-------------+-----
Fighting       | | 10.4
Invocations    | 1 |  1.6
Short Blades   | 1 |  1.4
Long Blades    | 1 |  1.4
Axes           | 1 |  1.4
Maces & Flails | 1 |  1.4
Polearms       | 1 |  1.4
Staves         | 1 |  1.4
Slings         | 1 |  1.4
Bows           | 1 |  1.4
Crossbows      | 1 |  1.4
Throwing       | 1 |  1.4
Armour         | 1 |  1.4
Unarmed Combat | 1 |  1.4
Spellcasting   | 1 |  1.4
Evocations     | 1 |  1.4
Conjurations   | 1 |  1.1
Hexes          | 1 |  1.1
Charms         | 1 |  1.1
Summonings     | 1 |  1.1
Necromancy     | 1 |  1.1
Translocations | 1 |  1.1
Transmutations | 1 |  1.1
Fire Magic     | 1 |  1.1
Ice Magic      | 1 |  1.1
Air Magic      | 1 |  1.1
Earth Magic    | 1 |  1.1
Poison Magic   | 1 |  1.1
Dodging        | |  2.9
Stealth        | |  4.4
Shields        | |  4.7

Action                   |  1- 3 |  4- 6 || total
-------------------------+-------+-------++-------
Melee: Spear             |   176 |   207 ||   383
       Bite              |    16 |    22 ||    38
  Use: Scroll            |     3 |     3 ||     6
       Potion            |     3 |       ||     3
 Stab: Sleeping          |     2 |       ||     2
       Distracted        |       |     1 ||     1
  Eat: Chunk             |     1 |     5 ||     6
Armor: Leather armour    |     2 |       ||     2
       Chain mail        |    76 |   112 ||   188
       Skin              |    12 |     3 ||    15
Dodge: Dodged            |    62 |    72 ||   134
Block: Buckler           |    44 |    54 ||    98

Table legend:
 A = Non-vault XP
 B = Vault XP
 C = Vault XP percentage of total XP
 D = Non-vault monster count
 E = Vault monster count
 F = Vault count percentage of total count
                 A         B        C        D         E       F
            +---------+---------+-------+---------+---------+-------
      Total |     215 |       8 |   3.6 |      70 |       4 |   5.4
            +---------+---------+-------+---------+---------+-------
        D:1 |      38 |       0 |   0.0 |      19 |       0 |   0.0
        D:2 |      97 |       0 |   0.0 |      24 |       0 |   0.0
        D:3 |      80 |       8 |   9.1 |      27 |       4 |  12.9
            +---------+---------+-------+---------+---------+-------

Table legend:
 A = Turns spent in this place as a percentage of turns spent in the entire game.
 B = Non-inter-level travel turns spent in this place as a percentage of non-inter-level travel turns spent in the entire game.
 C = Inter-level travel turns spent in this place as a percentage of turns spent in this place.
 D = Turns resting spent in this place as a percentage of non-inter-level travel turns spent in this place.
 E = Turns spent auto-exploring this place as a percentage of non-inter-level travel turns spent in this place.
 F = Non-inter-level travel turns spent in this place divided by the number of levels of this place that you've seen.
                   A       B       C       D       E      F
               +-------+-------+-------+-------+-------+----------------------
         Total | 100.0 | 100.0 |   2.8 |  14.2 |  46.9 | 590.5
       Dungeon | 100.0 | 100.0 |   2.8 |  14.2 |  46.9 | 590.5
               +-------+-------+-------+-------+-------+----------------------

Levels and vault maps discovered:
D:1:      psy_arrival_conway, layout_loops_ring, chequers_serial_rivers_room_a
D:2:      layout_basic
D:3:      layout_basic, nicolae_dithmenos_shadow_blocks
D:4:      layout_gridville, zin_scriptorium, lemuel_coloured_pillars_altar,
          minmay_temple_entry_poolview, uniq_robin
